 Dungeon Crawl Stone Soup version 0.29.1-4-g47bece8355 (webtiles) character file.

Game seed: 15371419070298673077

89 safid the Shooter (level 4, -2/40 HPs)
             Began as a Minotaur Hunter on Dec 7, 2022.
             Was an Initiate of Okawaru.
             Slain by an orc priest
             ... wielding a +0 whip
              (4 damage)
             ... on level 3 of the Dungeon.
             The game lasted 00:03:26 (1615 turns).

safid the Shooter (Minotaur Hunter)                 Turns: 1615, Time: 00:03:26

Health: -2/40      AC:  3    Str: 16    XL:     4   Next: 31%
Magic:  3/3        EV: 12    Int:  6    God:    Okawaru [......]
Gold:   84         SH:  0    Dex: 21    Spells: 3/3 levels left

rFire   + . .      SeeInvis .   l - +1 sling "Mud Pie of Death" {flame, rF+ rC+ Will- Stlth+}
rCold   + . .      Faith    .   (no shield)
rNeg    . . .      Spirit   .   c - +0 leather armour
rPois   .          Reflect  .   (helmet restricted)
rElec   .          Harm     .   (no cloak)
rCorr   .          Rampage  .   (no gloves)
Will    .....                   (no boots)
Stlth   +++.......              (no amulet)
HPRegen 0.13/turn               e - +4 ring of slaying
MPRegen 0.08/turn               m - +6 ring of dexterity

@: no status effects
A: horns 2, retaliatory headbutt
a: Renounce Religion


You were on level 3 of the Dungeon.
You worshipped Okawaru.
Okawaru was noncommittal.
You visited 1 branch of the dungeon, and saw 3 of its levels.

You collected 84 gold pieces.

Inventory:

Hand Weapons
 a - a +0 shortbow
 l - the +1 sling "Mud Pie of Death" (weapon) {flame, rF+ rC+ Will- Stlth+}
   (You took it off a goblin on level 2 of the Dungeon)

   Any ammunition fired from it burns those it strikes, dealing additional fire
   damage.
   rF:        It protects you from fire.
   rC:        It protects you from cold.
   Will:      It decreases your willpower.
   Stlth:     It makes you more stealthy.
Armour
 c - a +0 leather armour (worn)
Jewellery
 e - a +4 ring of slaying (left hand)
 m - a +6 ring of dexterity (right hand)
Scrolls
 b - 3 scrolls of immolation
 d - a scroll of teleportation {unknown}
 f - a scroll of torment {unknown}
 g - a scroll of acquirement {unknown}
 i - 2 scrolls of poison {unknown}
 j - a scroll of enchant armour {unknown}
Potions
 h - a potion of magic {unknown}
 k - a potion of mutation {unknown}


   Skills:
 + Level 4.3 Fighting
 + Level 5.5 Ranged Weapons
 - Level 2.1 Dodging
 - Level 0.7 Stealth


You had 3 spell levels left.
You didn't know any spells.
Your spell library contained the following spells:

 Spells                   Type           Power      Damage    Failure   Level
 Freeze                   Ice            0%         1d3       52%         1
 Ensorcelled Hibernation  Hex/Ice        0%         N/A       67%         2
 Passwall                 Tmut/Erth      0%         N/A       67%         2
 Frozen Ramparts          Ice            0%         1d1       88%         3
 Swiftness                Air            0%         N/A       88%         3
 Hailstorm                Conj/Ice       0%         3d3       99%         4


Dungeon Overview and Level Annotations

Branches:
Dungeon (3/15)

Altars:
Kikubaaqudgha
Okawaru
The Shining One

Annotations:
D:3 Grinder


Innate Abilities, Weirdness & Mutations

You have a pair of horns on your head.
You reflexively headbutt those who attack you in melee.


Message History

You hear the slow rusting of a very distant drain.
You shoot a sling bullet. The sling bullet barely misses the orc.
Grinder blinks!
You shoot a sling bullet. The sling bullet hits Grinder.
The sling bullet burns Grinder.
Grinder is lightly wounded.
The orc completely misses you. Grinder hits you!
You writhe in agony.
You shoot a sling bullet. The sling bullet hits Grinder!
The sling bullet burns Grinder.
Grinder is moderately wounded.
The orc hits you with a +0 short sword. The orc priest hits you with a +0 whip.
Grinder hits you.
You are too injured to fight recklessly!
You are too injured to fight recklessly!
You are too injured to fight recklessly!
You are too injured to fight recklessly!
Unknown command.
You are too injured to fight recklessly!
Fire: l) +1 sling "Mud Pie of Death" {flame, rF+ rC+ Will- Stlth+}
Press: ? - help, Q - select action Shift-Dir - straight line, f/p - Grinder
Aim: Grinder (moderately wounded, 66% to hit)
You shoot a sling bullet. The sling bullet hits Grinder.
The sling bullet burns Grinder.
Grinder is heavily wounded.
The orc hits you but does no damage. The orc priest barely misses you.
Grinder closely misses you. The orc priest hits you with a +0 whip.
The orc hits you with a +0 short sword.
* * * LOW HITPOINT WARNING * * *
Grinder completely misses you. You furiously retaliate!
You headbutt Grinder!
Fire: l) +1 sling "Mud Pie of Death" {flame, rF+ rC+ Will- Stlth+}
Press: ? - help, Q - select action Shift-Dir - straight line, f/p - Grinder
Aim: Grinder (severely wounded, 66% to hit)
You shoot a sling bullet. The sling bullet hits Grinder.
The sling bullet burns Grinder.
Grinder is almost dead.
Grinder gestures at you. Pain shoots through your body!
* * * LOW HITPOINT WARNING * * *
The orc priest hits you with a +0 whip.
You die...

# #.# #.# #.#
#.# # #.# #.#
#.# #.# # ###
#.# #.# #.# #.#
#.# #.# #.# #.#
#.# #.# #.#
###.#
..#####.###...#
.##....5.....#
.....!o@)....#
.).?##o####.##
# #† #.# .? #.#
.). #.. ....
### .....
......


You could see Grinder, an orc priest and an orc.

Vanquished Creatures
  Robin (D:2)
  An adder (D:3)
  A worm (D:2)
  A dart slug (D:2)
  An orc (D:3)
  7 ball pythons
  4 endoplasms
  A giant cockroach (D:1)
  12 goblins
  5 hobgoblins
  7 kobolds
  3 quokkas
  8 bats
  3 frilled lizards
  3 rats
58 creatures vanquished.

Vanquished Creatures (others)
  3 plants (D:1)
3 creatures vanquished.

Grand Total: 61 creatures vanquished

Notes
Turn   | Place    | Note
-------+----------+-------------------------------------------
     0 | D:1      | safid the Minotaur Hunter began the quest for the Orb.
     0 | D:1      | Reached XP level 1. HP: 18/18 MP: 0/0
   155 | D:1      | Reached XP level 2. HP: 17/25 MP: 1/1
   441 | D:1      | Found a faded altar of an unknown god.
   776 | D:2      | Noticed Robin
   872 | D:2      | Reached skill level 5 in Ranged Weapons
   872 | D:2      | Reached XP level 3. HP: 31/31 MP: 2/2
   904 | D:2      | Killed Robin
  1275 | D:2      | Identified the +1 sling "Mud Pie of Death" {flame, rF+ rC+
                  | Will- Stlth+}
  1288 | D:2      | Reached XP level 4. HP: 32/40 MP: 3/3
  1544 | D:3      | Found an ancient bone altar of Kikubaaqudgha.
  1551 | D:3      | Found an iron altar of Okawaru.
  1561 | D:3      | Found a glowing golden altar of the Shining One.
  1568 | D:3      | Became a worshipper of Warmaster Okawaru
  1604 | D:3      | Noticed Grinder
  1615 | D:3      | HP: 2/40 [Grinder/nerve-wracking pain (10)]
  1615 | D:3      | Slain by an orc priest

Illustrated notes

Levels and vault maps discovered:
D:1:      roderic_crop_circles_arrival_small, layout_basic,
          hellmonk_ecumenical_altar_pennies_from_heaven
D:2:      layout_rooms, uniq_robin
D:3:      wad_river_or_something, layout_loops_ring, minitemple,
          portal_sewer_entry_a, uniq_sigmund, uniq_jessica, uniq_terence,
          uniq_grinder

Skill      XL: |  1  2  3 |
---------------+----------+-----
Fighting       | 3 4 |  4.3
Ranged Weapons | 5 |  5.5
Dodging        | |  2.1
Stealth        | |  0.7

Action                   |  1- 3 |  4- 6 || total
-------------------------+-------+-------++-------
 Fire: Shortbow          |    87 |     3 ||    90
       Sling             |       |    22 ||    22
Armor: Leather armour    |    12 |     2 ||    14
Dodge: Dodged            |    25 |     6 ||    31
